1950 views
Uploaded 2023-03-25 02:52:21
Game version 1.35 (6115)
20:11 long 3on3 ladder game on (6)Monsoon_LV
Saved by GIGA
1950 views
Uploaded 2023-03-25 02:52:21
Game version 1.35 (6115)
20:11 long 3on3 ladder game on (6)Monsoon_LV


120 units @ 13.7k
/ 1.1k
51 buildings @ 8.5k
/ 4k
| Wisp | 5 | 300 | / | 0 |
| Acolyte | 23 | 1725 | / | 0 |
| Ghoul | 37 | 4440 | / | 0 |
| Necromancer | 8 | 1160 | / | 160 |
| Gargoyle | 8 | 1400 | / | 240 |
| Frost Wyrm | 2 | 770 | / | 240 |
| total: | 83 | 9795g | / | 640w |
| Spirit Tower | 6 | 870 | / | 240 |
| Nerubian Tower | 4 | 400 | / | 80 |
| Crypt | 3 | 600 | / | 150 |
| Ziggurat | 14 | 2100 | / | 700 |
| Graveyard | 1 | 215 | / | 0 |
| Altar of Darkness | 1 | 180 | / | 50 |
| Tomb of Relics | 1 | 130 | / | 30 |
| Temple of the Damned | 3 | 465 | / | 420 |
| Boneyard | 3 | 525 | / | 600 |
| Halls of the Dead | 1 | 320 | / | 210 |
| Black Citadel | 2 | 650 | / | 460 |
| total: | 26 | 4215g | / | 1950w |
| 0:03 | Wisp |
| 0:03 | Wisp |
| 0:04 | Wisp |
| 0:04 | Wisp |
| 0:04 | Wisp |
| 0:08 | Acolyte |
| 0:08 | Acolyte |
| 0:12 | Crypt |
| 0:14 | Ziggurat |
| 0:18 | Graveyard |
| 0:27 | Altar of Darkness |
| 0:43 | Halls of the Dead |
| 1:06 | Ziggurat |
| 1:16 | Ghoul |
| 1:16 | Ghoul |
| 1:16 | Ghoul |
| 1:16 | Ghoul |
| 1:16 | Ghoul |
| 1:20 | Ghoul |
| 1:20 | Ghoul |
| 1:20 | Ghoul |
| 1:20 | Ghoul |
| 1:28 | Ghoul |
| 1:28 | Ghoul |
| 1:28 | Ghoul |
| 1:33 | Ghoul |
| 1:43 | Ziggurat |
| 2:01 | Ghoul |
| 2:01 | Ghoul |
| 2:01 | Ghoul |
| 2:02 | Ghoul |
| 2:11 | Ghoul |
| 2:29 | Ghoul |
| 2:35 | Carrion Beetles |
| 3:04 | Black Citadel |
| 3:05 | Temple of the Damned |
| 3:06 | Temple of the Damned |
| 3:06 | Temple of the Damned |
| 3:12 | Ziggurat |
| 3:13 | Ziggurat |
| 3:36 | Ziggurat |
| 3:57 | Spiked Carapace |
| 4:20 | Necromancer |
| 4:21 | Necromancer |
| 4:22 | Necromancer |
| 4:36 | Necromancer |
| 5:10 | Ghoul |
| 5:11 | Ghoul |
| 5:11 | Ghoul |
| 5:15 | Carrion Beetles |
| 5:34 | Ghoul Frenzy |
| 5:38 | Ghoul |
| 5:42 | Ghoul |
| 5:42 | Ghoul |
| 5:44 | Unholy Strength |
| 5:44 | Unholy Armor |
| 5:53 | Acolyte |
| 5:55 | Acolyte |
| 6:00 | Acolyte |
| 6:00 | Acolyte |
| 6:00 | Acolyte |
| 6:33 | Spirit Tower |
| 7:08 | Acolyte |
| 7:08 | Acolyte |
| 7:08 | Acolyte |
| 7:08 | Acolyte |
| 7:13 | Acolyte |
| 7:19 | Necromancer Adept Training |
| 7:36 | Skeletal Mastery |
| 8:32 | Necromancer Master Training |
| 8:35 | Ghoul |
| 8:35 | Ghoul |
| 8:35 | Ghoul |
| 8:35 | Ghoul |
| 8:35 | Ghoul |
| 8:35 | Ghoul |
| 8:41 | Ghoul |
| 8:47 | Ghoul |
| 8:47 | Ghoul |
| 8:47 | Ghoul |
| 9:33 | Ghoul |
| 9:33 | Ghoul |
| 9:38 | Necromancer |
| 9:39 | Necromancer |
| 9:45 | Necromancer |
| 10:04 | Necromancer |
| 10:32 | Ziggurat |
| 10:33 | Ziggurat |
| 10:35 | Ziggurat |
| 11:03 | Ziggurat |
| 11:08 | Ziggurat |
| 11:17 | Acolyte |
| 11:17 | Acolyte |
| 11:17 | Acolyte |
| 11:23 | Acolyte |
| 11:27 | Nerubian Tower |
| 11:31 | Spirit Tower |
| 13:00 | Spirit Tower |
| 13:02 | Spiked Carapace |
| 13:37 | Acolyte |
| 13:38 | Acolyte |
| 13:40 | Boneyard |
| 13:40 | Boneyard |
| 13:42 | Boneyard |
| 13:43 | Crypt |
| 13:43 | Crypt |
| 13:51 | Creature Attack |
| 13:51 | Creature Carapace |
| 14:08 | Acolyte |
| 14:08 | Acolyte |
| 14:08 | Acolyte |
| 14:08 | Acolyte |
| 14:08 | Acolyte |
| 14:13 | Ziggurat |
| 14:14 | Ziggurat |
| 14:15 | Ziggurat |
| 14:59 | Spirit Tower |
| 15:05 | Nerubian Tower |
| 15:06 | Spirit Tower |
| 15:08 | Spirit Tower |
| 15:25 | Web |
| 15:28 | Improved Creature Attack |
| 16:24 | Improved Creature Carapace |
| 16:27 | Gargoyle |
| 16:27 | Gargoyle |
| 16:27 | Gargoyle |
| 16:27 | Gargoyle |
| 16:27 | Gargoyle |
| 16:27 | Gargoyle |
| 16:27 | Gargoyle |
| 16:27 | Gargoyle |
| 17:16 | Frost Wyrm |
| 17:29 | Advanced Creature Attack |
| 18:07 | Frost Wyrm |
| 18:10 | Freezing Breath |
| 18:28 | Advanced Creature Carapace |
| 18:38 | Tomb of Relics |
| 19:59 | Carrion Beetles |
| Build/train/purchase | 272 |
| Right click | 250 |
| Select | 214 |
| Resource trade | 160 |
| Select group | 157 |
| Chat | 125 |
| Misc. action | 30 |
| Assign group | 22 |
| Minimap ping | 12 |
| Use ability | 9 |
| Esc | 1 |


| Lesser Clarity Potion | 4 | 280 |
| Scroll of Town Portal | 2 | 700 |
| Orb of Corruption | 1 | 375 |
| total: | 7 | 1355g |
| Wisp | 25 | 1500 | / | 0 |
| Huntress | 6 | 1170 | / | 120 |
| Glaive Thrower | 6 | 1260 | / | 390 |
| total: | 37 | 3930g | / | 510w |
| Ancient Protector | 12 | 1620 | / | 960 |
| Moon Well | 5 | 900 | / | 200 |
| Altar of Elders | 1 | 180 | / | 50 |
| Hunter's Hall | 1 | 210 | / | 100 |
| Ancient of Wonders | 1 | 90 | / | 30 |
| Ancient of War | 2 | 300 | / | 120 |
| Tree of Life | 3 | 1020 | / | 555 |
| Tree of Ages | 2 | 640 | / | 360 |
| Tree of Eternity | 1 | 330 | / | 200 |
| total: | 25 | 4320g | / | 2015w |
| 0:02 | Wisp |
| 0:02 | Wisp |
| 0:18 | Moon Well |
| 0:19 | Wisp |
| 0:41 | Altar of Elders |
| 0:45 | Wisp |
| 0:52 | Wisp |
| 1:01 | Wisp |
| 1:12 | Wisp |
| 1:27 | Hunter's Hall |
| 1:34 | Wisp |
| 1:42 | Wisp |
| 1:47 | Moon Well |
| 2:01 | Ancient of Wonders |
| 2:02 | Wisp |
| 2:14 | Ancient of War |
| 2:28 | Summon Quilbeast |
| 2:36 | Wisp |
| 3:13 | Lesser Clarity Potion |
| 3:13 | Lesser Clarity Potion |
| 3:37 | Huntress |
| 3:53 | Strength of the Moon |
| 3:56 | Ancient of War |
| 3:57 | Wisp |
| 4:01 | Moon Well |
| 4:02 | Huntress |
| 4:28 | Huntress |
| 4:48 | Summon Bear |
| 5:03 | Huntress |
| 5:28 | Moon Armor |
| 5:31 | Huntress |
| 6:01 | Lesser Clarity Potion |
| 6:04 | Lesser Clarity Potion |
| 6:35 | Tree of Ages |
| 6:42 | Moon Well |
| 7:07 | Tree of Life |
| 7:12 | Summon Quilbeast |
| 8:18 | Huntress |
| 8:56 | Glaive Thrower |
| 9:20 | Frost Arrows |
| 9:36 | Vorpal Blades |
| 9:40 | Glaive Thrower |
| 9:42 | Summon Bear |
| 9:54 | Wisp |
| 9:54 | Wisp |
| 9:54 | Wisp |
| 10:21 | Improved Strength of the Moon |
| 10:44 | Scroll of Town Portal |
| 10:51 | Wisp |
| 10:51 | Wisp |
| 11:13 | Glaive Thrower |
| 11:17 | Glaive Thrower |
| 13:11 | Tree of Eternity |
| 13:13 | Glaive Thrower |
| 13:16 | Moon Well |
| 13:48 | Glaive Thrower |
| 14:09 | Tree of Life |
| 14:41 | Forked Lightning |
| 16:39 | Tree of Ages |
| 16:53 | Tree of Life |
| 18:08 | Ancient Protector |
| 18:09 | Ancient Protector |
| 18:10 | Ancient Protector |
| 18:11 | Ancient Protector |
| 18:12 | Ancient Protector |
| 18:16 | Ancient Protector |
| 18:18 | Ancient Protector |
| 18:21 | Wisp |
| 18:21 | Wisp |
| 18:21 | Wisp |
| 18:21 | Wisp |
| 18:25 | Wisp |
| 19:37 | Ancient Protector |
| 19:38 | Ancient Protector |
| 19:39 | Ancient Protector |
| 19:40 | Ancient Protector |
| 19:42 | Ancient Protector |
| 19:42 | Wisp |
| 19:43 | Wisp |
| 19:43 | Wisp |
| 19:48 | Orb of Corruption |
| 19:52 | Scroll of Town Portal |
| Right click | 687 |
| Select group | 376 |
| Select | 358 |
| Build/train/purchase | 111 |
| Misc. action | 57 |
| Assign group | 27 |
| Use ability | 13 |
| Chat | 8 |
| Minimap ping | 5 |
| Item give/drop | 2 |
| Esc | 2 |
66 units @ 6k
/ 0.7k
121 buildings @ 8.7k
/ 4.3k
GIGA
(207)
(20:08) : 

| Healing Salve | 1 | 100 |
| total: | 1 | 100g |
| Peasant | 18 | 1350 | / | 0 |
| Dragonhawk Rider | 2 | 400 | / | 60 |
| total: | 20 | 1750g | / | 60w |
| Scout Tower | 59 | 1770 | / | 1180 |
| Arcane Tower | 7 | 490 | / | 350 |
| Guard Tower | 16 | 1120 | / | 800 |
| Altar of Kings | 1 | 180 | / | 50 |
| Farm | 6 | 480 | / | 120 |
| Lumber Mill | 2 | 240 | / | 0 |
| Town Hall | 1 | 385 | / | 205 |
| Blacksmith | 1 | 140 | / | 60 |
| Arcane Vault | 1 | 130 | / | 30 |
| Cannon Tower | 2 | 240 | / | 200 |
| Gryphon Aviary | 1 | 140 | / | 150 |
| Workshop | 1 | 140 | / | 140 |
| Arcane Sanctum | 1 | 150 | / | 140 |
| Keep | 1 | 320 | / | 210 |
| Castle | 1 | 360 | / | 210 |
| total: | 74 | 3755g | / | 2075w |
| 0:03 | Peasant |
| 0:03 | Peasant |
| 0:06 | Altar of Kings |
| 0:09 | Farm |
| 0:10 | Farm |
| 0:14 | Peasant |
| 0:35 | Peasant |
| 0:42 | Lumber Mill |
| 0:46 | Peasant |
| 1:01 | Peasant |
| 1:09 | Scout Tower |
| 1:13 | Peasant |
| 1:19 | Farm |
| 1:36 | Arcane Tower |
| 1:40 | Peasant |
| 1:48 | Improved Lumber Harvesting |
| 1:48 | Peasant |
| 1:59 | Peasant |
| 2:16 | Peasant |
| 2:34 | Peasant |
| 2:34 | Peasant |
| 2:38 | Peasant |
| 2:47 | Peasant |
| 3:02 | Scout Tower |
| 3:03 | Scout Tower |
| 3:12 | Scout Tower |
| 3:12 | Scout Tower |
| 3:13 | Scout Tower |
| 3:14 | Scout Tower |
| 3:14 | Scout Tower |
| 3:15 | Scout Tower |
| 3:16 | Scout Tower |
| 3:16 | Scout Tower |
| 3:17 | Scout Tower |
| 3:18 | Scout Tower |
| 3:19 | Scout Tower |
| 3:20 | Scout Tower |
| 3:20 | Scout Tower |
| 3:26 | Storm Bolt |
| 3:51 | Town Hall |
| 4:00 | Peasant |
| 4:10 | Guard Tower |
| 5:02 | Guard Tower |
| 5:05 | Scout Tower |
| 5:06 | Scout Tower |
| 5:10 | Guard Tower |
| 5:13 | Scout Tower |
| 5:15 | Improved Masonry |
| 5:29 | Bash |
| 5:30 | Bash |
| 5:35 | Keep |
| 6:12 | Guard Tower |
| 6:14 | Scout Tower |
| 6:14 | Scout Tower |
| 6:15 | Scout Tower |
| 6:17 | Scout Tower |
| 6:46 | Lumber Mill |
| 6:54 | Guard Tower |
| 6:59 | Scout Tower |
| 7:00 | Scout Tower |
| 7:01 | Scout Tower |
| 7:04 | Scout Tower |
| 7:05 | Scout Tower |
| 7:05 | Scout Tower |
| 7:20 | Healing Salve |
| 8:58 | Castle |
| 9:02 | Blacksmith |
| 9:07 | Scout Tower |
| 9:08 | Scout Tower |
| 9:17 | Arcane Tower |
| 9:20 | Scout Tower |
| 9:27 | Scout Tower |
| 9:29 | Scout Tower |
| 9:39 | Advanced Masonry |
| 9:45 | Guard Tower |
| 9:57 | Scout Tower |
| 10:00 | Guard Tower |
| 10:09 | Gryphon Aviary |
| 10:16 | Black Gunpowder |
| 10:18 | Workshop |
| 10:28 | Scout Tower |
| 10:41 | Scout Tower |
| 10:41 | Scout Tower |
| 10:46 | Guard Tower |
| 10:48 | Scout Tower |
| 10:49 | Scout Tower |
| 10:54 | Guard Tower |
| 10:56 | Guard Tower |
| 11:11 | Scout Tower |
| 11:12 | Scout Tower |
| 11:13 | Scout Tower |
| 11:19 | Scout Tower |
| 11:21 | Guard Tower |
| 11:35 | Cannon Tower |
| 11:40 | Peasant |
| 11:40 | Peasant |
| 11:43 | Holy Light |
| 11:49 | Guard Tower |
| 11:54 | Scout Tower |
| 11:59 | Scout Tower |
| 11:59 | Scout Tower |
| 12:13 | Cannon Tower |
| 12:15 | Guard Tower |
| 12:18 | Guard Tower |
| 12:19 | Arcane Tower |
| 12:21 | Scout Tower |
| 12:27 | Scout Tower |
| 12:28 | Guard Tower |
| 12:32 | Imbued Masonry |
| 12:37 | Arcane Vault |
| 12:42 | Scout Tower |
| 12:45 | Arcane Tower |
| 13:45 | Cloud |
| 13:46 | Dragonhawk Rider |
| 13:46 | Dragonhawk Rider |
| 13:48 | Arcane Tower |
| 13:52 | Scout Tower |
| 13:53 | Scout Tower |
| 13:54 | Scout Tower |
| 13:54 | Scout Tower |
| 13:55 | Scout Tower |
| 13:56 | Scout Tower |
| 13:56 | Scout Tower |
| 13:57 | Scout Tower |
| 13:57 | Scout Tower |
| 14:21 | Arcane Tower |
| 14:30 | Arcane Tower |
| 14:38 | Arcane Sanctum |
| 16:02 | Guard Tower |
| 16:55 | Farm |
| 16:57 | Farm |
| 16:57 | Farm |
| Right click | 926 |
| Select group | 493 |
| Select | 269 |
| Build/train/purchase | 71 |
| Chat | 34 |
| Use ability | 15 |
| Resource trade | 14 |
| Misc. action | 9 |
| Minimap ping | 8 |
| Assign group | 7 |
| Esc | 2 |
| Item give/drop | 1 |


| Healing Salve | 1 | 100 |
| total: | 1 | 100g |
| Peasant | 13 | 975 | / | 0 |
| Mortar Team | 1 | 180 | / | 70 |
| Flying Machine | 18 | 1800 | / | 540 |
| Priest | 1 | 135 | / | 10 |
| total: | 33 | 3090g | / | 620w |
| Scout Tower | 11 | 330 | / | 220 |
| Guard Tower | 7 | 490 | / | 350 |
| Altar of Kings | 1 | 180 | / | 50 |
| Farm | 13 | 1040 | / | 260 |
| Lumber Mill | 1 | 120 | / | 0 |
| Blacksmith | 1 | 140 | / | 60 |
| Workshop | 3 | 420 | / | 420 |
| Arcane Sanctum | 1 | 150 | / | 140 |
| Keep | 1 | 320 | / | 210 |
| Castle | 1 | 360 | / | 210 |
| total: | 31 | 2380g | / | 1150w |
| 0:03 | Peasant |
| 0:12 | Peasant |
| 0:19 | Altar of Kings |
| 0:19 | Farm |
| 0:21 | Peasant |
| 0:34 | Lumber Mill |
| 0:47 | Peasant |
| 0:49 | Farm |
| 0:53 | Peasant |
| 1:05 | Peasant |
| 1:19 | Scout Tower |
| 1:24 | Scout Tower |
| 1:25 | Peasant |
| 1:33 | Peasant |
| 1:42 | Peasant |
| 1:45 | Scout Tower |
| 1:46 | Scout Tower |
| 1:50 | Guard Tower |
| 2:00 | Improved Lumber Harvesting |
| 2:03 | Guard Tower |
| 2:15 | Peasant |
| 2:20 | Guard Tower |
| 2:33 | Guard Tower |
| 2:37 | Storm Bolt |
| 2:42 | Peasant |
| 2:53 | Peasant |
| 3:28 | Peasant |
| 3:44 | Keep |
| 3:53 | Scout Tower |
| 3:55 | Scout Tower |
| 3:56 | Scout Tower |
| 4:20 | Improved Masonry |
| 4:23 | Farm |
| 4:25 | Blacksmith |
| 5:12 | Farm |
| 5:14 | Scout Tower |
| 5:15 | Guard Tower |
| 5:17 | Scout Tower |
| 5:18 | Scout Tower |
| 5:19 | Scout Tower |
| 5:39 | Black Gunpowder |
| 5:47 | Guard Tower |
| 6:06 | Castle |
| 6:09 | Workshop |
| 6:15 | Guard Tower |
| 6:35 | Workshop |
| 6:37 | Workshop |
| 6:40 | Advanced Lumber Harvesting |
| 6:41 | Advanced Masonry |
| 6:53 | Refined Gunpowder |
| 7:13 | Flak Cannons |
| 8:04 | Holy Light |
| 8:58 | Fragmentation Shards |
| 8:58 | Flare |
| 8:58 | Flying Machine Bombs |
| 8:59 | Mortar Team |
| 9:08 | Healing Salve |
| 9:33 | Imbued Gunpowder |
| 9:37 | Farm |
| 9:38 | Farm |
| 10:13 | Farm |
| 10:14 | Farm |
| 10:30 | Imbued Masonry |
| 10:33 | Flying Machine |
| 10:33 | Flying Machine |
| 10:33 | Flying Machine |
| 10:33 | Flying Machine |
| 10:51 | Iron Plating |
| 10:56 | Farm |
| 10:57 | Farm |
| 11:53 | Flying Machine |
| 11:53 | Flying Machine |
| 11:54 | Flying Machine |
| 11:54 | Flying Machine |
| 12:10 | Flying Machine |
| 12:10 | Flying Machine |
| 12:10 | Flying Machine |
| 12:10 | Flying Machine |
| 12:10 | Flying Machine |
| 12:11 | Flying Machine |
| 12:12 | Flying Machine |
| 12:45 | Farm |
| 12:52 | Flying Machine |
| 12:52 | Flying Machine |
| 13:22 | Steel Plating |
| 13:27 | Flying Machine |
| 13:56 | Arcane Sanctum |
| 17:24 | Mithril Plating |
| 17:25 | Studded Leather Armor |
| 17:26 | Priest Adept Training |
| 17:26 | Priest |
| 17:27 | Farm |
| 17:28 | Farm |
| 17:52 | Storm Bolt |
| 17:53 | Storm Bolt |
| 17:55 | Divine Shield |
| 17:56 | Divine Shield |
| Right click | 714 |
| Select group | 265 |
| Select | 229 |
| Build/train/purchase | 76 |
| Misc. action | 39 |
| Use ability | 35 |
| Chat | 15 |
| Resource trade | 14 |
| Assign group | 5 |
| Minimap ping | 3 |
Cabeelibob
(194)
(20:08) : 
| Healing Salve | 2 | 200 |
| Lesser Clarity Potion | 2 | 140 |
| Orb of Lightning | 1 | 375 |
| Tiny Great Hall | 1 | 600 |
| total: | 6 | 1315g |
| Peon | 11 | 825 | / | 0 |
| Troll Witch Doctor | 2 | 290 | / | 50 |
| total: | 13 | 1115g | / | 50w |
| Watch Tower | 5 | 550 | / | 400 |
| Altar of Storms | 2 | 360 | / | 100 |
| Orc Burrow | 4 | 640 | / | 160 |
| War Mill | 1 | 205 | / | 0 |
| Voodoo Lounge | 2 | 260 | / | 60 |
| Great Hall | 1 | 385 | / | 185 |
| Spirit Lodge | 1 | 150 | / | 150 |
| Stronghold | 1 | 315 | / | 190 |
| Fortress | 1 | 325 | / | 190 |
| total: | 16 | 2550g | / | 1055w |
| 0:07 | Altar of Storms |
| 0:14 | Orc Burrow |
| 0:15 | Peon |
| 0:32 | Peon |
| 0:48 | Peon |
| 1:09 | War Mill |
| 1:11 | Peon |
| 1:29 | Peon |
| 1:35 | Voodoo Lounge |
| 1:38 | Peon |
| 1:51 | Peon |
| 1:59 | Peon |
| 2:19 | Orc Burrow |
| 2:21 | Peon |
| 2:38 | Wind Walk |
| 2:47 | Peon |
| 2:47 | Peon |
| 2:51 | Watch Tower |
| 3:29 | Great Hall |
| 3:32 | Voodoo Lounge |
| 3:53 | Watch Tower |
| 3:57 | Watch Tower |
| 4:56 | Healing Salve |
| 4:56 | Lesser Clarity Potion |
| 5:30 | Watch Tower |
| 5:38 | Orc Burrow |
| 7:07 | Stronghold |
| 7:15 | Altar of Storms |
| 8:52 | Watch Tower |
| 8:58 | Spiked Barricades |
| 9:31 | Fortress |
| 9:39 | Spirit Lodge |
| 11:23 | Critical Strike |
| 12:15 | Orb of Lightning |
| 13:03 | Witch Doctor Adept Training |
| 14:48 | Witch Doctor Master Training |
| 14:48 | Troll Witch Doctor |
| 14:49 | Troll Witch Doctor |
| 16:30 | Lesser Clarity Potion |
| 16:30 | Healing Salve |
| 17:16 | Orc Burrow |
| 17:48 | Tiny Great Hall |
| 18:15 | Critical Strike |
| 20:04 | Wind Walk |
| Right click | 559 |
| Select | 89 |
| Build/train/purchase | 50 |
| Resource trade | 47 |
| Select group | 43 |
| Misc. action | 42 |
| Assign group | 9 |
| Use ability | 7 |
| Minimap ping | 7 |